 Dungeon Crawl Stone Soup version 0.30-a0-1043-g60ff8d5f49 (webtiles) character file.

Game seed: 17395769857498236049

1539928 Zeldest the Invulnerable (level 27, 184/219 HPs)
             Began as a Barachi Reaver on Apr 9, 2023.
             Was the Champion of Ru.
             Escaped with the Orb
             ... and 3 runes on Apr 10, 2023!
             The game lasted 03:32:43 (81523 turns).

Zeldest the Invulnerable (Barachi Reaver)          Turns: 81523, Time: 03:32:43

Health: 184/219    AC: 44    Str: 25    XL:     27
Magic:  39/39      EV:  8    Int: 21    God:    Ru [******]
Gold:   3110       SH: 39    Dex: 15    Spells: 27/36 levels left

rFire   + + +      SeeInvis +    b - +4 broad axe (elec)
rCold   . . .      Faith    .    Y - +18 shield of the Gong {Loud rN+ Will+ rCorr EV-5}
rNeg    + + +      Spirit   .    O - +6 gold dragon scales
rPois   +          Reflect  +    s - +0 mask of the Dragon {Will+ Slay+3 SInv}
rElec   +          Rampage  .    V - +2 cloak {Will+}
rCorr   +          Clarity  +    T - +2 pair of gloves
Will    +++++                    v - +1 pair of boots "Plog" {rF+ Int+4} Stlth
                                 I - amulet of reflection
HPRegen 0.56/turn                n - ring of Ocvatag {rElec rF+ MP+9 Int+2 Dex+3}
MPRegen 0.26/turn                B - ring of Disaster {+Blink rPois rF+ rN++ Will+}

@: studying Stealth, slow
A: amphibious, screaming 1, slowness 1, inability to use devices, hated by all,
no hexes magic, no necromancy magic, no poison magic, temperature sensitive,
strong legs 2, +LOS, clarity, frail 1, inability to read after injury 1
0: Orb of Zot
}: 3/15 runes: barnacled, silver, gossamer
a: Hop, Renounce Religion, Draw Out Power, Power Leap, Apocalypse


You escaped.
You worshipped Ru.
Ru was exalted by your worship.
You visited 11 branches of the dungeon, and saw 51 of its levels.
You visited the Abyss 2 times.
You also visited: Trove, Sewer and Ossuary.

You collected 7982 gold pieces.
You spent 4872 gold pieces at shops.

Inventory:

Hand Weapons
 a - a +9 demon trident of electrocution
 b - a +4 broad axe of electrocution (weapon)
Missiles
 y - 5 curare-tipped darts (quivered)
 D - 16 throwing nets
Armour
 s - the +0 mask of the Dragon (worn) {Will+ Slay+3 SInv}
   (You found it in a treasure trove)

   Slay:      It affects your accuracy & damage with ranged weapons and melee
   (+3).
   SInv:      It lets you see invisible.
   Will:      It increases your willpower.
 v - the +1 pair of boots "Plog" (worn) {rF+ Int+4}
   (You found it on level 4 of the Spider Nest)

   Int:       It affects your intelligence (+4).
   rF:        It protects you from fire.
 O - +6 gold dragon scales (worn)
 S - the +5 shadow dragon scales "Umufa" {rC+ Will++ Stlth++++}
   (You found it in a treasure trove)

   rC:        It protects you from cold.
   Will:      It greatly increases your willpower.
   Stlth:     It makes you much more stealthy.
 T - a +2 pair of gloves (worn)
 V - a +2 cloak of willpower (worn)
 Y - the +18 shield of the Gong (worn) {Loud rN+ Will+ rCorr EV-5}
   (You found it on level 3 of the Vaults)

   Loud:      It is deafeningly noisy when blocking attacks.
   EV:        It affects your evasion (-5).
   rN:        It protects you from negative energy.
   rCorr:     It protects you from acid and corrosion.
   Will:      It increases your willpower.
Jewellery
 c - the ring "Hesag" {Fire rN+ rCorr Int-5 Dex+6}
   (You acquired it on level 4 of the Lair of Beasts)

   [ring of fire]

   It enhances your fire magic.
   Int:       It affects your intelligence (-5).
   Dex:       It affects your dexterity (+6).
   rF:        It protects you from fire.
   rC:        It makes you vulnerable to cold.
   rN:        It protects you from negative energy.
   rCorr:     It protects you from acid and corrosion.
 n - the ring of Ocvatag (left hand) {rElec rF+ MP+9 Int+2 Dex+3}
   (You bought it in a shop on level 1 of the Shoals)

   [ring of protection from fire]

   Int:       It affects your intelligence (+2).
   Dex:       It affects your dexterity (+3).
   rF:        It protects you from fire.
   rElec:     It insulates you from electricity.
   MP:        It affects your magic capacity (+9).
 t - the ring "Jeyto" {rCorr Str+3 Stlth+}
   (You found it in a treasure trove)

   [ring of resist corrosion]

   Str:       It affects your strength (+3).
   rCorr:     It protects you from acid and corrosion.
   Stlth:     It makes you more stealthy.
 u - a ring of protection from cold
 B - the ring of Disaster (right hand) {+Blink rPois rF+ rN++ Will+}
   (You found it on level 2 of the Vaults)

   [ring of willpower]

   rF:        It protects you from fire.
   rPois:     It protects you from poison.
   rN:        It greatly protects you from negative energy.
   +Blink:    It lets you blink.
   Will:      It increases your willpower.
 I - an amulet of reflection (around neck)
 L - the ring "Tuaps" {rCorr Int+3}
   (You found it on level 10 of the Dungeon)

   [ring of resist corrosion]

   Int:       It affects your intelligence (+3).
   rCorr:     It protects you from acid and corrosion.
 M - a ring of flight
 N - the ring of Weecou {rF+ rN+ Int+4 Dex+3}
   (You bought it in a shop on level 4 of the Depths)

   [ring of protection from fire]

   Int:       It affects your intelligence (+4).
   Dex:       It affects your dexterity (+3).
   rF:        It protects you from fire.
   rN:        It protects you from negative energy.
Scrolls
 e - 3 scrolls of silence
 g - 5 scrolls of fog
 k - 8 scrolls of blinking
 o - 4 scrolls of magic mapping
 p - 10 scrolls of amnesia
 w - 8 scrolls of vulnerability
 x - 8 scrolls of noise
 A - 11 scrolls of immolation
 H - 18 scrolls of teleportation
 R - a scroll of torment
 U - 7 scrolls of fear
 X - 2 scrolls of poison
Potions
 d - 9 potions of attraction
 f - 15 potions of flight
 h - 8 potions of brilliance
 i - 8 potions of lignification
 j - 12 potions of heal wounds
 l - 3 potions of invisibility
 q - 2 potions of cancellation
 r - 4 potions of magic
 z - 4 potions of might
 C - 8 potions of ambrosia
 J - 23 potions of curing
 P - a potion of resistance
 Q - 2 potions of haste
 W - 3 potions of berserk rage


   Skills:
 + Level 25.8 Fighting
 - Level 16.7(18.0) Axes
 - Level 10.3(14.1) Polearms
 O Level 27 Armour
 + Level 16.0 Dodging
 + Level 22.5 Shields
 - Level 5.0 Spellcasting
 - Level 15.0 Conjurations
 - Level 10.0 Translocations
 - Level 15.0 Transmutations


You had 27 spell levels left.
You knew the following spells:

 Your Spells              Type           Power      Damage    Failure   Level
a - Wereblood             Tmut           62%        N/A       1%          2
b - Blink                 Tloc           94%        N/A       2%          2
f - Irradiate             Conj/Tmut      31%        3d22      5%          5

Your spell library contained the following spells:

 Spells                   Type           Power      Damage    Failure   Level
 Magic Dart               Conj           100%       1d8       1%          1
 Momentum Strike          Conj/Tloc      100%       3d10      1%          2
 Searing Ray              Conj           100%       2d8       1%          2
 Lesser Beckoning         Tloc           94%        N/A       2%          2
 Shock                    Conj/Air       100%       1d9       4%          1
 Iskenderun's Mystic Bla  Conj/Tloc      55%        2d12      5%          4
 Blade Hands              Tmut           31%        N/A       5%          5
 Iskenderun's Battlesphe  Conj           62%        2d11      5%          5
 Passwall                 Tmut/Erth      30%        N/A       6%          2
 Static Discharge         Conj/Air       72%        2-5/arc   6%          2
 Hailstorm                Conj/Ice       36%        3d9       13%         3
 Stone Arrow              Conj/Erth      72%        3d11      13%         3
 Volatile Blastmotes      Fire/Tloc      52%        2d14      34%         3
 Flame Wave               Conj/Fire      36%        2d10      38%         4
 Ice Form                 Ice/Tmut       36%        N/A       38%         4
 Petrify                  Tmut/Erth      36%        N/A       38%         4
 Sticky Flame             Conj/Fire      36%        2d6       38%         4
 Freeze                   Ice            20%        1d4       67%         1
 Sandblast                Erth           10%        2d5       67%         1
 Scorch                   Fire           10%        2d5       80%         2
 Dragon Form              Tmut           31%        N/A       86%         7
 Frozen Ramparts          Ice            10%        1d2       95%         3
 Ozocubu's Armour         Ice            5%         N/A       95%         3
 Freezing Cloud           Conj/Ice/Air   13%        6-21      97%         5
 Airstrike                Air            2%         2d(1-17)  100%        4
 Lee's Rapid Deconstruct  Erth           2%         3d5*      100%        5
 Conjure Ball Lightning   Conj/Air       18%        3x3d6     100%        6
 Iron Shot                Conj/Erth      18%        9d4       100%        6
 Starburst                Conj/Fire      18%        6d7       100%        6
 Statue Form              Tmut/Erth      24%        N/A       100%        6
 Storm Form               Tmut/Air       18%        N/A       100%        7
 Maxwell's Capacitive Co  Air            2%         ∞         100%        8
 Kiss of Death            Conj/Necr      Unusable   2d13      N/A         1
 Sting                    Tmut/Pois      Unusable   1d8       N/A         1
 Dazzling Flash           Conj/Hex       Unusable   N/A       N/A         3
 Mephitic Cloud           Conj/Pois/Air  Unusable   N/A       N/A         3
 Fulminant Prism          Conj/Hex       Unusable   3d10      N/A         4
 Cigotuvi's Dreadful Rot  Necr/Pois/Air  Unusable   N/A       N/A         2
 Poisonous Vapours        Pois/Air       Unusable   N/A       N/A         2
 Sublimation of Blood     Necr           Unusable   N/A       N/A         2
 Inner Flame              Hex/Fire       Unusable   N/A       N/A         3
 Animate Armour           Summ/Erth      Unusable   N/A       N/A         4
 Dispel Undead            Necr           Unusable   3d7       N/A         4
 Olgreb's Toxic Radiance  Pois           Unusable   N/A       N/A         4
 Summon Ice Beast         Ice/Summ       Unusable   N/A       N/A         4
 Summon Lightning Spire   Summ/Air       Unusable   N/A       N/A         4
 Metabolic Englaciation   Hex/Ice        Unusable   N/A       N/A         5
 Death Channel            Necr           Unusable   N/A       N/A         6
 Eringya's Noxious Bog    Tmut/Pois      Unusable   N/A       N/A         6
 Simulacrum               Ice/Necr       Unusable   N/A       N/A         6
 Summon Cactus Giant      Summ           Unusable   N/A       N/A         6
 Spellforged Servitor     Conj/Summ      Unusable   N/A       N/A         7
 Summon Hydra             Summ           Unusable   N/A       N/A         7

Dungeon Overview and Level Annotations

Branches:
Dungeon (15/15)            Temple (0/1) D:7            Lair (5/5) D:10
 Shoals (4/4) Lair:2       Spider (4/4) Lair:2        Slime (3/5) Lair:5
    Orc (2/2) D:9             Elf (3/3) Orc:2        Vaults (5/5) D:13
  Crypt (1/3) Vaults:2     Depths (4/4) D:15            Zot (5/5) Depths:4
  Sewer (visited)         Ossuary (visited)

Altars:
Ashenzari
Dithmenos
Gozag
Qazlal
Ru
Sif Muna
Uskayaw
Wu Jian
Xom

Shops:
D:3 [   D:13 *   Orc:2 ?((   Elf:1 ?   Elf:2 ((*   Elf:3 [   Shoals:1 =*
Shoals:2 **[(   Vaults:2 :   Vaults:3 :   Vaults:5 ?=   Depths:3 *
Depths:4 =:=

Portals:
Hell: Depths:1 Depths:3 Depths:4
Abyss: Depths:3 Depths:4
Pandemonium: Depths:2
Ziggurat: Depths:2

Annotations:
D:5 1 runed translucent door
D:12 3 runed translucent doors, KidAlby's ghost, journeyman DsBe
Lair:1 2 transporters
Elf:2 3 runed translucent doors
Vaults:1 3 runed translucent doors, Lobster4's ghost, adept TrFi
Depths:2 exclusion: 2 doors
Zot:5 exclusion: obsidian statue


Innate Abilities, Weirdness & Mutations

You are amphibious.
You occasionally shout uncontrollably at your foes.
You cover ground slowly.
You cannot study or use magical devices.
You are hated by all.
You cannot study or cast Hexes magic.
You cannot study or cast Necromancy magic.
You cannot study or cast Poison magic.
You are sensitive to extremes of temperature. (rF-, rC-)
You can hop long distances.
You have an extended range of vision and can be seen from far away.
You possess an exceptional clarity of mind.
You are frail. (-10% HP)
You occasionally lose the ability to read scrolls when taking damage.


Message History

You climb upwards.
There is a stone staircase leading down here.
(D) Dungeon (T) Temple (L) Lair (A) Shoals (N) Spider Nest (M) Slime Pits (O) Orcish Mines (E) Elven Halls (V) Vaults (C) Crypt (U) Depths (H) Hell (Z) Zot
Where to? (Enter - D:1, ? - help)
What level of the Dungeon? (default 1, ? - help)
A Hell Sentinel comes into view.
There is a stone staircase leading up here.
You climb upwards.
There is a stone staircase leading down here.
A sixfirhy comes into view.
You block the sixfirhy's attack.
GONNNNG!
You block the sixfirhy's attack.
BONNNG!
You open the sixfirhy like a pillowcase!!!
The sixfirhy is almost dead.
You miss the sixfirhy.
The sixfirhy is almost dead.
You slash the sixfirhy!
You kill the sixfirhy!
You ribbit at Ariuzid!
An Ariuzid, a chaos spawn and an orange demon come into view.
A hell beast comes into view.
The chaos spawn's pages rustle loudly.
The orange demon screeches!
The hell beast bleats!
Ariuzid begins to attack, but is stunned by your conviction!
You block the hell beast's attack.
GONNNNG!
You block the hell beast's attack.
GONNNNG!
Blink to where?
Press: ? - help, Dir - move target
As you read the scroll of blinking, it crumbles to dust.
Ariuzid gestures at you.
The sphere of damnation explodes!
The damnation engulfs you!!!
Ariuzid gestures.
You have escaped!

#......X.# #..#.......
#....X...####..#.......
#.....&XX......#.).....
#..###.........#.......
## #..#
#424......#.#.###. .#
#..# #..#####..#.#.###.
.# #..###..#
#..#.#..... .#
#.......# #..#.######
.# #.....@.#
#..#.###### .#
#.......# #..#.......
.# #..##...#
#..######## .#
#..##...#####..# .#
#..............# .#
#..............# .#
#..............# .#
################ .#


You could see Ariuzid, 2 tentacled monstrosities, a hell beast, an orange demon,
2 large abominations and a chaos spawn.

Vanquished Creatures
  2 dread liches (Zot:5)
  An ancient lich (Zot:5)
  Mara (Depths:2)
  4 orbs of fire
  A juggernaut (Depths:3)
  3 Killer Klowns (Zot:5)
  Vv (Depths:2)
  2 caustic shrikes
  Saint Roka (Vaults:1)
  3 curse toes
  Jory (Crypt:1)
  11 golden dragons
  A Tzitzimitl (Zot:2)
  Nikola (Spider:1)
  3 bone dragons
  3 doom hounds (Depths:2)
  An electric golem (Zot:4)
  21 Orb Guardians
  Jorgrun (Spider:3)
  Zenata (Vaults:1)
  11 tentacled monstrosities
  A deep elf blademaster (Elf:3)
  Mlioglotl (Spider:1)
  6 titans
  2 deep elf master archers (Elf:3)
  3 quicksilver dragons
  Asterion (Elf:3)
  2 acid blobs
  Grunn (Depths:2)
  10 death cobs
  An ancient champion (Vaults:2)
  2 sphinxes
  12 shadow dragons
  Frances (Spider:1)
  6 tengu reavers
  14 storm dragons
  Kirke (Spider:1)
  5 draconian monks
  3 azure jellies
  The ghost of greenreed the Sorcerer, an adept SpCj of Vehumet (Vaults:2)
  Ilsuiw (Shoals:3)
  5 draconian knights
  3 rockslimes
  Donald (Spider:2)
  5 deep elf sorcerers
  9 emperor scorpions
  4 iron dragons
  5 frost giants
  A ghost moth (Spider:4)
  4 fire giants
  6 draconian scorchers
  2 balrugs (Depths:2)
  Louise (Shoals:1)
  20 vault wardens
  4 draconian shifters
  5 deep elf elementalists (Elf:3)
  An orc warlord (Orc:2)
  3 war gargoyles (Vaults:4)
  3 quicksilver oozes
  A broodmother (Spider:2)
  A caustic shrike zombie (Crypt:1)
  3 draconian stormcallers
  5 spriggan defenders
  16 ironbound preservers
  3 vampire knights
  6 ironbound thunderhulks
  4 draconian annihilators
  23 very ugly things
  2 grey draconians
  A juggernaut skeleton (Crypt:1)
  9 deep elf demonologists
  2 green draconians
  14 stone giants
  5 purple draconians
  7 deep elf annihilators
  8 black draconians
  8 dire elephants (Vaults:2)
  10 white draconians
  9 spark wasps
  5 red draconians
  9 yellow draconians
  4 eidola (Crypt:1)
  9 merfolk impalers
  4 merfolk javelineers
  8 deep elf death magi
  7 ettins
  3 great orbs of eyes
  7 jiangshi (Crypt:1)
  A deep elf high priest (Elf:3)
  9 ice dragons
  2 hydras
  9 fire dragons
  11 yaktaur captains
  5 entropy weavers
  35 vault guards
  4 spriggan air magi
  Erolcha (D:10)
  8 ogre magi
  6 rakshasas
  3 merfolk avatars
  10 ironbound frosthearts
  3 catoblepae
  A peacekeeper (Vaults:4)
  10 centaur warriors
  9 merfolk aquamancers
  2 death knights (Crypt:1)
  13 dancing weapons
  A radroach (Spider:4)
  22 two-headed ogres
  5 boulder beetles
  8 deep troll shamans
  2 alligator snapping turtles (Shoals:4)
  10 deep troll earth magi
  A vampire mage (Crypt:1)
  3 tengu warriors
  4 spriggan berserkers
  Sonja (D:13)
  3 thrashing horrors (Abyss:3)
  2 spriggans (Depths:2)
  6 hell knights (Depths:4)
  Urug (Lair:3)
  16 deep elf knights
  2 skysharks
  9 soul eaters
  4 iron trolls
  A sixfirhy (D:1)
  A bunyip zombie (Crypt:1)
  3 pharaoh ants
  27 skeletal warriors
  73 deep trolls
  8 orb spiders
  4 spectral wolf spiders (Spider:4)
  A cherub (D:3)
  10 sea snakes
  A shadow demon (Zot:1)
  An orb spider (shapeshifter) (Vaults:4)
  2 glowing orange brains
  A storm dragon skeleton (Vaults:2)
  13 deep elf archers
  6 lindwurms
  8 necromancers
  6 phantasmal warriors
  An iron dragon zombie (Crypt:1)
  14 deep elf zephyrmancers
  10 wizards
  A tengu zombie (Vaults:1)
  5 steelbarb worms
  4 orc knights
  23 ironbound convokers
  27 deep elf pyromancers
  11 harpies
  2 starcursed masses (Abyss:3)
  4 wolf spider zombies (Spider:4)
  5 orc sorcerers
  4 cyclopes
  A stone giant zombie (Vaults:2)
  A shadow dragon skeleton (Crypt:1)
  2 tengu skeletons (Vaults:2)
  2 large abominations (Abyss:3)
  A cyclops (shapeshifter) (Vaults:4)
  15 manticores
  10 fauns
  24 wolf spiders
  Joseph (D:7)
  11 black mambas
  9 merfolk sirens
  66 ugly things
  19 vault sentinels
  2 frost giant skeletons
  A stone giant skeleton (Vaults:2)
  4 torpor snails
  A water nymph (shapeshifter) (Elf:1)
  A guardian serpent (Lair:5)
  20 moths of wrath
  9 elephants
  5 smoke demons
  2 gargoyles (D:10)
  2 eyes of devastation
  2 human skeletons (Vaults:2)
  7 demonic crawlers
  11 water nymphs
  12 cane toads
  2 efreet (D:14)
  11 komodo dragons
  Maggie (Lair:1)
  2 freezing wraiths
  An unseen horror (Abyss:3)
  5 tengu conjurers
  A komodo dragon (shapeshifter) (Elf:2)
  A yellow draconian zombie (Crypt:1)
  5 rime drakes
  21 yaktaurs
  5 yaktaur skeletons
  7 trolls
  2 spriggan skeletons (Depths:1)
  A merfolk (shapeshifter) (Vaults:3)
  An ancient zyme (Abyss:3)
  33 merfolk
  9 polar bears (Lair:5)
  23 tarantellas
  4 hellwings
  2 meliai (Spider:4)
  17 wind drakes
  Grinder (D:3)
  8 hornets
  2 wolf spider simulacra (Spider:4)
  7 blink frogs
  A raiju (shapeshifter) (Elf:3)
  4 dream sheep (Shoals:4)
  A moth of wrath zombie (Zot:2)
  2 raiju (Lair:5)
  10 snapping turtles
  12 air elementals
  A black mamba zombie (Crypt:1)
  37 jumping spiders
  22 culicivoras
  29 slime creatures
  Sigmund (D:2)
  2 centaur simulacra (D:15)
  2 shadows (D:12)
  25 water elementals
  6 wraiths
  20 wyverns
  An ettin skeleton (Vaults:2)
  2 fire elementals
  4 humans (Spider:1)
  A basilisk (Lair:3)
  3 golden eyes (Slime:2)
  A death yak simulacrum (Orc:2)
  A hog (Spider:1)
  39 yaks
  55 redbacks
  8 vampire mosquitoes
  7 wargs
  7 acid dragons
  Edmund (D:3)
  22 water moccasins
  15 hell hounds (Lair:5)
  Duvessa (D:4)
  A deep troll skeleton (Crypt:1)
  A glowing shapeshifter skeleton (Vaults:2)
  A floating eye (shapeshifter) (Vaults:3)
  3 sky beasts
  13 black bears
  24 orc warriors
  4 ice beasts
  29 ogres
  30 wolves
  14 centaurs
  A phantom (D:6)
  3 kobold brigands
  Blork the orc (D:6)
  15 bullfrogs
  9 earth elementals
  A two-headed ogre simulacrum (Orc:2)
  12 scorpions
  A glowing shapeshifter simulacrum (Vaults:1)
  4 elf skeletons
  Dowan (D:4)
  25 killer bees
  12 howler monkeys
  8 centaur zombies
  6 hounds
  A jelly (D:5)
  5 human zombies
  15 orc priests
  A gnoll bouda (D:5)
  3 iguanas
  17 orc wizards
  3 scorpion zombies (Ossuary)
  3 spriggan simulacra (Orc:2)
  2 polar bear simulacra (Orc:2)
  The ghost of Tollund the Sneak, a weakling HuDe (D:5)
  A hound zombie (Crypt:1)
  3 mummies (Ossuary)
  A howler monkey zombie (Crypt:1)
  Robin (D:3)
  13 adders
  4 gnolls (D:5)
  15 river rats
  A shadow imp (D:6)
  2 white imps (D:5)
  A worm (D:3)
  4 dart slugs
  55 orcs
  5 bats
  8 endoplasms
  4 giant cockroaches
  6 goblins
  6 hobgoblins
  14 quokkas
  14 ball pythons
  2 frilled lizards
  A giant cockroach zombie (Crypt:1)
  4 gnoll zombies (Ossuary)
  3 goblin zombies (Ossuary)
  29 kobolds
  3 kobold zombies (Ossuary)
  2 orc skeletons (D:7)
  An orc zombie (D:7)
  45 rats
2216 creatures vanquished.

Vanquished Creatures (others)
  3 Orb Guardians
  A deep elf blademaster (Elf:3)
  A sphinx (Vaults:3)
  The ghost of Mil Mal Serr the Warrior, an adept MiFi of Okawaru (Shoals:3)
  A shadow dragon (Vaults:5)
  A tengu reaver (Vaults:4)
  A fire giant (Depths:1)
  A rockslime (Zot:5)
  A storm dragon (Vaults:5)
  A draconian knight (Zot:1)
  A ghost moth (Zot:4)
  A draconian scorcher (Zot:1)
  A spriggan defender (Depths:4)
  An ironbound preserver (Vaults:4)
  A vampire knight (Vaults:2)
  An ironbound thunderhulk (Vaults:3)
  A purple draconian (Zot:2)
  The ghost of juan097 the Nimble, a journeyman FeAE of Fedhas (Shoals:3)
  Snorg (D:10)
  A deep elf death mage (Vaults:5)
  A yaktaur captain (Vaults:4)
  A merfolk impaler (Shoals:4)
  A spriggan zombie (Crypt:1)
  A vault guard (Vaults:5)
  A hell beast (D:13)
  2 two-headed ogres
  3 deep troll earth magi
  A deep elf knight (Elf:2)
  A soul eater (Zot:2)
  A skeletal warrior (D:15)
  2 deep trolls
  An ironbound convoker (Vaults:5)
  3 deep elf zephyrmancers
  A harpy (Shoals:4)
  2 deep elf pyromancers
  A wolf spider (Spider:2)
  A moth of wrath (Zot:2)
  An elephant (Lair:5)
  A black mamba (Lair:5)
  A komodo dragon (Lair:3)
  A yaktaur (Vaults:5)
  A meliai (Spider:4)
  A merfolk (Shoals:1)
  2 tarantellas
  2 blink frogs (Lair:1)
  A slime creature (Slime:1)
  A yak (D:10)
  2 redbacks
  An ogre (Orc:2)
  2 centaurs
  A wolf (Lair:2)
  3 killer bees
  A troll simulacrum (Orc:2)
  2 orcs (Orc:2)
  3 ball lightnings (Shoals:3)
  54 fungi
  134 plants
  8 tentacles (Shoals:1)
  6 withered plants (Shoals:3)
275 creatures vanquished.

Grand Total: 2491 creatures vanquished

Notes
Turn   | Place    | Note
-------+----------+-------------------------------------------
     0 | D:1      | Zeldest the Barachi Reaver began the quest for the Orb.
     0 | D:1      | Reached XP level 1. HP: 17/17 MP: 3/3
   167 | D:1      | Reached XP level 2. HP: 16/23 MP: 5/5
   251 | D:1      | Reached skill level 1 in Armour
   379 | D:1      | Reached XP level 3. HP: 19/28 MP: 6/6
  1099 | D:2      | Identified the +3 sling of Filigreed Courage {drain, Str-4
                  | Dex+8}
  1182 | D:2      | Noticed Sigmund
  1238 | D:3      | Found Mirphigon's Armour Boutique.
  1274 | D:3      | Found a glowing drain.
  1302 | Sewer    | Entered a sewer
  1319 | Sewer    | Reached XP level 4. HP: 35/35 MP: 7/7
  1381 | Sewer    | Noticed a kobold brigand
  1404 | Sewer    | Killed a kobold brigand
  1405 | Sewer    | Reached skill level 5 in Axes
  1405 | Sewer    | Reached skill level 2 in Armour
  1405 | Sewer    | Reached XP level 5. HP: 23/42 MP: 8/8
  1733 | Sewer    | Reached skill level 3 in Armour
  1776 | Sewer    | Noticed a kobold brigand
  2122 | Sewer    | Killed a kobold brigand
  2123 | Sewer    | Reached XP level 6. HP: 27/49 MP: 9/9
  2516 | D:3      | Noticed Robin
  2532 | D:3      | Killed Robin
  2558 | D:3      | Found a shadowy altar of Dithmenos.
  2862 | D:3      | Found a faded altar of an unknown god.
  3240 | D:2      | Killed Sigmund
  3241 | D:2      | Reached skill level 4 in Armour
  3241 | D:2      | Reached XP level 7. HP: 55/55 MP: 10/10
  3525 | D:4      | Reached skill level 5 in Fighting
  3612 | D:4      | Noticed Grinder
  3625 | D:4      | Noticed Dowan
  3756 | D:4      | Paralysed by Grinder for 3 turns
  3770 | D:4      | Paralysed by Grinder for 4 turns
  3783 | D:3      | Paralysed by Grinder for 5 turns
  3809 | D:3      | Killed Grinder
  3810 | D:3      | Reached XP level 8. HP: 12/64 MP: 11/11
  3992 | D:4      | Noticed Duvessa
  4043 | D:4      | Noticed Edmund
  4292 | D:3      | Killed Edmund
  4293 | D:3      | Reached skill level 5 in Armour
  4417 | D:5      | Entered Level 5 of the Dungeon
  4435 | D:5      | Found a sacrificial altar of Ru.
  4449 | D:5      | Became a worshipper of Ru the Awakened
  4562 | D:5      | You fall into a shaft and drop 1 floor!
  5008 | D:5      | Found a shimmering blue altar of Sif Muna.
  5078 | D:5      | Found a runed translucent door.
  5097 | D:5      | Noticed Tollund's ghost (weakling HuDe)
  5117 | D:5      | Reached skill level 6 in Armour
  5130 | D:5      | Killed Tollund's ghost
  5142 | D:5      | Found a runed translucent door.
  5440 | D:5      | Gained mutation: You cannot study or use magical devices.
                  | [Ru sacrifice]
  5440 | D:5      | Reached * piety under Ru
  5440 | D:5      | Reached ** piety under Ru
  5487 | D:5      | Reached XP level 9. HP: 72/72 MP: 12/12
  5862 | D:4      | Killed Dowan
  6161 | D:6      | Noticed Blork the orc
  6181 | D:6      | Killed Blork the orc
  6182 | D:6      | Reached skill level 7 in Armour
  6198 | D:6      | Reached skill level 10 in Axes
  6426 | D:6      | Reached skill level 1 in Shields
  6995 | D:7      | Found a sand-covered staircase.
  7008 | Ossuary  | Entered an ossuary
  7095 | Ossuary  | Reached XP level 10. HP: 81/82 MP: 13/13
  7130 | Ossuary  | Reached skill level 8 in Armour
  7632 | D:7      | Found a staircase to the Ecumenical Temple.
  7873 | D:7      | Found a basalt altar of Yredelemnul.
  7929 | D:7      | Found a shimmering altar of Xom.
  8083 | D:7      | Gained mutation: You are sensitive to extremes of
                  | temperature. (rF-, rC-) [Ru sacrifice]
  8083 | D:7      | Reached *** piety under Ru
  8083 | D:7      | Reached **** piety under Ru
  8203 | D:7      | Noticed Joseph
  8233 | D:7      | Killed Joseph
  9809 | D:8      | Found a hazy altar of Hepliaklqana.
 10035 | D:9      | Found a staircase to the Orcish Mines.
 10529 | D:9      | Identified the -1 pair of boots of Nejayb {Int+6}
 10533 | D:9      | Found a broken altar of Ashenzari.
 10593 | D:9      | Paralysed by a hornet for 2 turns
 10604 | D:9      | Reached skill level 9 in Armour
 10604 | D:9      | Reached skill level 5 in Shields
 10837 | D:9      | Reached XP level 11. HP: 52/90 MP: 14/14
 11308 | D:10     | Entered Level 10 of the Dungeon
 11308 | D:10     | Noticed a two-headed ogre
 11598 | D:10     | Reached skill level 10 in Fighting
 11822 | D:10     | Noticed Snorg
 12445 | D:10     | Found a hide-covered altar of Uskayaw.
 12563 | D:10     | Gained mutation: You are hated by all. [Ru sacrifice]
 12563 | D:10     | Reached ***** piety under Ru
 12919 | D:10     | Noticed Erolcha
 12938 | D:10     | Killed a two-headed ogre
 13155 | D:10     | Identified the ring "Tuaps" {rCorr Int+3}
 13234 | D:10     | Noticed a two-headed ogre
 13267 | D:10     | Killed a two-headed ogre
 13322 | Abyss:2  | Cast into level 2 of the Abyss (Erolcha)
 13380 | Abyss:2  | Found a transporter.
 13380 | Abyss:2  | Noticed a wretched star
 13381 | Abyss:2  | Found a corrupted altar of Lugonu.
 13383 | Abyss:2  | Noticed a wolf spider
 13383 | Abyss:2  | Noticed a tentacled monstrosity
 13384 | Abyss:2  | Noticed a tentacled monstrosity
 13384 | Abyss:2  | Noticed a wretched star
 13384 | Abyss:2  | Noticed a tentacled monstrosity
 13391 | Abyss:2  | Noticed a death drake
 13400 | Abyss:2  | Noticed a thrashing horror
 13400 | Abyss:2  | Noticed a thrashing horror
 13405 | D:10     | Escaped the Abyss
 13413 | D:10     | Killed Erolcha
 13414 | D:10     | Reached skill level 10 in Armour
 13482 | D:10     | Found a staircase to the Lair.
 13694 | D:10     | Killed Snorg
 14007 | Lair:1   | Entered Level 1 of the Lair of Beasts
 14337 | Lair:1   | Found a transporter.
 14407 | Lair:1   | Reached XP level 12. HP: 100/100 MP: 15/15
 15134 | Lair:1   | Noticed Maggie
 15329 | Lair:1   | Found a transporter.
 15366 | Lair:1   | Killed Maggie
 15880 | Lair:2   | Found a hole to the Spider Nest.
 16272 | Lair:2   | Reached skill level 15 in Axes
 16822 | Lair:2   | Found a staircase to the Shoals.
 17580 | Lair:3   | Noticed Urug
 17580 | Lair:3   | Noticed a five-headed hydra
 17587 | Lair:3   | Killed a five-headed hydra
 17588 | Lair:3   | Gained mutation: You can hop long distances. [Barachi
                  | growth]
 17588 | Lair:3   | Reached XP level 13. HP: 78/109 MP: 7/16
 17594 | Lair:3   | Killed Urug
 17994 | Lair:3   | Reached skill level 1 in Polearms
 19153 | Lair:4   | Reached skill level 10 in Shields
 19183 | Lair:4   | Identified a scroll of acquirement
 19520 | Lair:5   | Entered Level 5 of the Lair of Beasts
 19613 | Lair:5   | Reached skill level 5 in Polearms
 20032 | Lair:5   | Gained mutation: You cannot study or cast Poison magic. [Ru
                  | sacrifice]
 20032 | Lair:5   | Gained mutation: You cannot study or cast Hexes magic. [Ru
                  | sacrifice]
 20032 | Lair:5   | Gained mutation: You cannot study or cast Necromancy magic.
                  | [Ru sacrifice]
 20433 | Lair:5   | Reached XP level 14. HP: 114/119 MP: 17/17
 21462 | Lair:5   | Found a staircase to the Slime Pits.
 21500 | Lair:5   | Identified the +0 ring mail of Inevitability {Int+2 Stlth+}
 22237 | D:11     | Gained mutation: You occasionally shout uncontrollably at
                  | your foes. [Ru sacrifice]
 22237 | D:11     | Reached ****** piety under Ru
 23169 | D:12     | Found a portal to a secret trove of treasure.
 23234 | D:12     | Reached skill level 15 in Fighting
 23352 | D:12     | Reached skill level 10 in Polearms
 23926 | D:12     | Found a runed translucent gate.
 23926 | D:12     | Found a runed translucent gate.
 23926 | D:12     | Found a runed translucent gate.
 23927 | D:12     | Noticed KidAlby's ghost (journeyman DsBe)
 24174 | D:13     | Noticed Sonja
 24181 | D:13     | Killed Sonja
 24201 | D:13     | Reached XP level 15. HP: 47/126 MP: 18/18
 24412 | D:13     | Found Wanilih's Mayhem Merchandise.
 24543 | D:13     | Bought a +2 broad axe of flaming for 211 gold pieces
 24625 | D:13     | Found a gate to the Vaults.
 24646 | D:13     | Paralysed by an ogre mage for 3 turns
 25418 | D:14     | Identified the +2 war axe of Vuumusec {heavy, rPois Dex+3}
 25890 | D:15     | Entered Level 15 of the Dungeon
 26657 | Abyss:3  | Cast into level 3 of the Abyss (a wizard)
 26756 | Abyss:3  | Noticed a revenant
 26810 | Abyss:3  | Killed a tentacled monstrosity
 26886 | Abyss:3  | Noticed a bone dragon
 26896 | Abyss:3  | Killed a bone dragon
 27087 | D:15     | Escaped the Abyss
 27259 | D:15     | Reached XP level 16. HP: 96/143 MP: 19/19
 27271 | D:15     | Reached skill level 15 in Shields
 27530 | D:15     | Paralysed by an orc sorcerer for 5 turns
 27736 | D:15     | Found a shimmering altar of Xom.
 27866 | D:15     | Found a staircase to the Depths.
 28083 | Spider:1 | Entered Level 1 of the Spider Nest
 28083 | Spider:1 | Noticed Nikola
 28091 | Spider:1 | Killed Nikola
 28191 | Spider:1 | Noticed Frances
 28558 | Orc:1    | Entered Level 1 of the Orcish Mines
 29008 | Orc:2    | Entered Level 2 of the Orcish Mines
 29451 | Orc:2    | Found Sewud's Distillery.
 29451 | Orc:2    | Found Kaces's Antique Weapon Shoppe.
 29452 | Orc:2    | Found Zokluk's Magic Scroll Shoppe.
 29452 | Orc:2    | Found Jaomux's Weapon Boutique.
 29466 | Orc:2    | Found a staircase to the Elven Halls.
 29554 | Orc:2    | Bought a scroll of teleportation for 30 gold pieces
 29554 | Orc:2    | Bought a scroll of magic mapping for 75 gold pieces
 29554 | Orc:2    | Bought a scroll of poison for 40 gold pieces
 29556 | Orc:2    | Bought a potion of cancellation for 128 gold pieces
 29556 | Orc:2    | Bought a potion of curing for 48 gold pieces
 29556 | Orc:2    | Bought a potion of curing for 48 gold pieces
 29556 | Orc:2    | Bought a potion of curing for 48 gold pieces
 29556 | Orc:2    | Bought a potion of heal wounds for 80 gold pieces
 29556 | Orc:2    | Bought a potion of mutation for 128 gold pieces
 29556 | Orc:2    | Bought a potion of lignification for 48 gold pieces
 29556 | Orc:2    | Bought a potion of curing for 48 gold pieces
 29556 | Orc:2    | Bought a potion of cancellation for 128 gold pieces
 29556 | Orc:2    | Acquired the ring "Hesag" {Fire rN+ rCorr Int-5 Dex+6}
 30569 | Shoals:1 | Entered Level 1 of the Shoals
 30569 | Shoals:1 | Noticed Louise
 30572 | Lair:2   | Upgraded the game from 0.30-a0-1035-g38d5fb2972 to
                  | 0.30-a0-1043-g60ff8d5f49
 30705 | Shoals:1 | Killed Louise
 31106 | Shoals:1 | Reached XP level 17. HP: 148/149 MP: 20/20
 31107 | Shoals:1 | Found Eriul's Gadget Gallery.
 31210 | Shoals:1 | Reached skill level 11 in Armour
 31520 | Shoals:1 | Noticed a kraken
 31557 | Shoals:1 | Found Kichaxuu's Jewellery Shoppe.
 31562 | Shoals:1 | Bought the ring of Ocvatag {rElec rF+ MP+9 Int+2 Dex+3} for
                  | 1026 gold pieces
 31562 | Shoals:1 | Bought a ring of protection from cold for 375 gold pieces
 32037 | Shoals:2 | Found Hozou's Visitors' Centre.
 32141 | Shoals:2 | Found Hozou's Merfolk Magic.
 32142 | Shoals:2 | Found Hozou's Merfolk Armours.
 32142 | Shoals:2 | Found Hozou's Merfolk Weapons.
 32171 | Shoals:2 | Bought a +0 helmet of see invisible for 126 gold pieces
 32171 | Shoals:2 | Bought a +1 hat of willpower for 176 gold pieces
 32250 | Shoals:2 | Reached skill level 5 in Dodging
 33009 | Shoals:3 | Noticed Ilsuiw
 33025 | Shoals:3 | Killed Ilsuiw
 34540 | Shoals:3 | Found a runed translucent gate.
 34540 | Shoals:3 | Found a runed translucent gate.
 34540 | Shoals:3 | Found a runed translucent gate.
 34540 | Shoals:3 | Noticed Mil Mal Serr's ghost (adept MiFi)
 34541 | Shoals:3 | Noticed juan097's ghost (journeyman FeAE)
 35170 | Shoals:3 | Killed Mil Mal Serr's ghost
 35170 | Shoals:3 | Killed juan097's ghost
 35171 | Shoals:3 | Reached skill level 12 in Armour
 35281 | Shoals:4 | Entered Level 4 of the Shoals
 35281 | Shoals:4 | Found an ornate altar of the Wu Jian Council.
 35288 | Shoals:4 | Paralysed by an air elemental for 1 turns
 35380 | Shoals:4 | Paralysed by an air elemental for 1 turns
 35518 | Shoals:4 | Paralysed by an air elemental for 1 turns
 35525 | Shoals:4 | Paralysed by an air elemental for 1 turns
 35531 | Shoals:4 | Paralysed by an air elemental for 1 turns
 35535 | Shoals:4 | Paralysed by an air elemental for 1 turns
 36234 | Shoals:4 | Identified the +5 morningstar "Tiaqaisk" {venom, Int+2}
 36265 | Shoals:4 | Paralysed by an air elemental for 1 turns
 36364 | Shoals:4 | Identified the +3 mace of Arcadian Valour {holy, Will+}
 36367 | Shoals:4 | Paralysed by an air elemental for 1 turns
 36372 | Shoals:4 | Paralysed by an air elemental for 1 turns
 36379 | Shoals:4 | Paralysed by an air elemental for 1 turns
 37557 | Shoals:4 | Paralysed by an air elemental for 1 turns
 37955 | Shoals:4 | Paralysed by an air elemental for 1 turns
 37965 | Shoals:4 | Paralysed by an air elemental for 1 turns
 37969 | Shoals:4 | Paralysed by an air elemental for 1 turns
 38089 | Shoals:4 | Noticed a titan
 38103 | Shoals:4 | Reached XP level 18. HP: 131/147 MP: 21/21
 38107 | Shoals:4 | Killed a titan
 38571 | D:12     | You paid a toll of a +6 demon trident to enter a treasure
                  | trove
 38572 | Trove    | Entered a treasure trove
 38595 | Trove    | Found the +0 mask of the Dragon {Will+ Slay+3 SInv}
 38597 | Trove    | Identified the +5 shadow dragon scales "Umufa" {rC+ Will++
                  | Stlth++++}
 38620 | Trove    | Identified the +1 robe of Foolhardiness {+Inv Int+4 Dex+3}
 38643 | Trove    | Identified the ring "Jeyto" {rCorr Str+3 Stlth+}
 38949 | Shoals:4 | Reached skill level 13 in Armour
 39079 | Shoals:4 | Got a barnacled rune of Zot
 39630 | Elf:1    | Entered Level 1 of the Elven Halls
 40788 | Elf:1    | Found Koasoant's Magic Scroll Emporium.
 40791 | Elf:1    | Bought a scroll of enchant armour for 127 gold pieces
 40791 | Elf:1    | Bought a scroll of teleportation for 51 gold pieces
 40791 | Elf:1    | Bought a scroll of enchant armour for 127 gold pieces
 40791 | Elf:1    | Bought a scroll of teleportation for 51 gold pieces
 40791 | Elf:1    | Bought a scroll of teleportation for 51 gold pieces
 40921 | Elf:1    | Learned a level 2 spell: Wereblood
 40988 | Elf:2    | Reached skill level 1 in Transmutations
 41139 | Elf:2    | Found Ipiaczoe's General Store.
 41197 | Elf:2    | Found Jupn's Antique Weapon Shoppe.
 41199 | Elf:2    | Found Zuakeor's Antique Weapon Emporium.
 41214 | Elf:2    | Bought 2 potions of heal wounds for 120 gold pieces
 41606 | Elf:2    | Reached skill level 5 in Transmutations
 42119 | Elf:2    | Found a runed translucent gate.
 42120 | Elf:2    | Found a runed translucent gate.
 42120 | Elf:2    | Found a runed translucent gate.
 42272 | Elf:3    | Entered Level 3 of the Elven Halls
 42300 | Elf:3    | Paralysed by an air elemental for 1 turns
 42306 | Elf:2    | Paralysed by an air elemental for 1 turns
 42401 | Elf:3    | Noticed a deep elf master archer
 42410 | Elf:3    | Killed a deep elf master archer
 43127 | Elf:3    | Identified the +6 triple crossbow "Qykoyniete" {drain,
                  | rElec rN++ Str-4 SInv}
 43270 | Elf:3    | Reached XP level 19. HP: 172/172 MP: 22/22
 43328 | Elf:3    | Found Koept's Antique Armour Boutique.
 43585 | Elf:3    | Paralysed by an air elemental for 1 turns
 43690 | Elf:3    | Noticed Asterion
 43707 | Elf:3    | Killed Asterion
 43962 | Elf:3    | Reached skill level 14 in Armour
 44170 | Elf:3    | Identified the +7 halberd of Courage {spect, Fly rF++ Will-
                  | Str-4}
 44897 | Elf:3    | Identified the +6 battleaxe of Gupees {pain, rPois}
 44928 | Elf:3    | Noticed a Hell Sentinel
 45141 | Elf:3    | Found the +2 cloak of the Thief {*Fog Slay-2 SInv Stlth+}
 45169 | Elf:3    | Got the Encyclopedia of Shapes and Blasphemous Liturgies
 45179 | Elf:3    | Learned a level 5 spell: Irradiate
 45188 | Elf:3    | Got the Omnibus of the Barrage and Nephomancy
 45211 | Elf:3    | Got the Compilation of Shifting and Topomancy
 45215 | Elf:3    | Got Pien's Cyclopedia of Confrontation
 45217 | Elf:3    | Identified the staff of air "Talo Rege" {*Corrode rElec
                  | rPois rC+}
 45332 | Elf:2    | Bought a pitted war axe for 306 gold pieces
 45332 | Elf:2    | Identified the +8 war axe of Valiance {freeze, rN+} (You
                  | bought it in a shop on level 2 of the Elven Halls)
 45593 | Spider:1 | Reached skill level 10 in Transmutations
 45615 | Spider:1 | Killed Frances
 45616 | Spider:1 | Reached skill level 5 in Conjurations
 45806 | Spider:1 | Noticed Kirke
 45814 | Spider:1 | Killed Kirke
 46243 | Spider:2 | Noticed Mlioglotl
 46273 | Spider:1 | Killed Mlioglotl
 46576 | Spider:2 | Noticed Donald
 46601 | Spider:2 | Killed Donald
 47619 | Spider:3 | Gained mutation: You are partially covered in iridescent
                  | scales. (AC +2) [potion of mutation]
 47619 | Spider:3 | Gained mutation: You are mostly covered in iridescent
                  | scales. (AC +4) [potion of mutation]
 47720 | Spider:3 | Noticed Jorgrun
 47739 | Spider:3 | Killed Jorgrun
 48006 | Spider:3 | Reached skill level 10 in Conjurations
 48124 | Spider:3 | Reached XP level 20. HP: 171/174 MP: 24/24
 48489 | Spider:4 | Entered Level 4 of the Spider Nest
 49281 | Spider:4 | Identified the +1 pair of boots "Plog" {rF+ Int+4}
 49300 | Spider:4 | Got a gossamer rune of Zot
 49390 | Spider:4 | Reached skill level 5 in Spellcasting
 49965 | Depths:1 | Entered Level 1 of the Depths
 50818 | Depths:1 | Found an ornate altar of the Wu Jian Council.
 51117 | Depths:1 | Found a gateway to Hell.
 51416 | Depths:2 | Noticed a caustic shrike
 51565 | Depths:2 | Found a one-way gate leading to the halls of Pandemonium.
 51728 | Depths:1 | Reached XP level 21. HP: 187/187 MP: 28/28
 51901 | Depths:2 | Killed a caustic shrike
 52221 | Depths:2 | Noticed Vv
 52248 | Depths:2 | Killed Vv
 52280 | Depths:2 | Noticed Grunn
 52294 | Depths:2 | Killed Grunn
 52874 | Depths:2 | Found a stormy altar of Qazlal.
 52976 | Depths:2 | Identified the +10 demon blade of the Extremes {vamp, Str+3
                  | Int+2}
 53054 | Depths:2 | Noticed Mara
 53069 | Depths:2 | Killed Mara
 53238 | Depths:2 | Found a one-way gateway to a ziggurat.
 53999 | Depths:3 | Found an opulent altar of Gozag.
 54073 | Depths:3 | Reached skill level 15 in Armour
 54229 | Depths:3 | Found Buehaef's Bounteous Boutique.
 54248 | Depths:3 | Bought a scroll of blinking for 90 gold pieces
 54561 | Depths:3 | Found a one-way gate to the infinite horrors of the Abyss.
 54863 | Depths:3 | Identified the +4 morningstar of Duty {heavy, rF+ rC+}
 54947 | Depths:4 | Entered Level 4 of the Depths
 54961 | Depths:4 | Noticed a golden dragon
 55171 | Depths:4 | Killed a golden dragon
 55561 | Depths:3 | Reached skill level 15 in Transmutations
 55800 | Depths:4 | Reached skill level 15 in Conjurations
 55800 | Depths:4 | Reached skill level 10 in Dodging
 55800 | Depths:4 | Reached XP level 22. HP: 167/196 MP: 29/29
 55917 | Depths:3 | Noticed a golden dragon
 55932 | Depths:4 | Killed a golden dragon
 56188 | Depths:4 | Reached XP level 23. HP: 144/203 MP: 30/30
 56340 | Depths:3 | Noticed a juggernaut
 56340 | Depths:3 | Noticed a caustic shrike
 56353 | Depths:3 | Killed a juggernaut
 56357 | Depths:3 | Killed a caustic shrike
 56583 | Depths:3 | Identified the ring "Hyusel" {rPois Int+7}
 56590 | Depths:3 | Learned a level 2 spell: Blink
 56663 | Depths:4 | Found Edegruetu's Jewellery Shoppe.
 56663 | Depths:4 | Found Ciden's Book Boutique.
 56664 | Depths:4 | Found Firynt's Jewellery Shoppe.
 56680 | Depths:4 | Bought the ring of Weecou {rF+ rN+ Int+4 Dex+3} for 865
                  | gold pieces
 56801 | Depths:4 | Reached skill level 1 in Translocations
 56823 | Depths:4 | Reached skill level 5 in Translocations
 57240 | Depths:4 | Noticed a golden dragon
 57257 | Depths:4 | Killed a golden dragon
 57842 | Depths:4 | Found a gate to the Realm of Zot.
 58160 | Shoals:2 | Bought a +2 pair of gloves for 181 gold pieces
 58345 | Vaults:1 | Entered Level 1 of the Vaults
 58355 | Vaults:1 | Noticed Saint Roka
 58379 | Vaults:1 | Killed Saint Roka
 58887 | Vaults:1 | Noticed Zenata
 58935 | Vaults:1 | Killed Zenata
 59001 | Vaults:1 | Found a runed translucent gate.
 59001 | Vaults:1 | Identified the ring "Syiv Kynn" {MP+9 Dex+8}
 59001 | Vaults:1 | Noticed Lobster4's ghost (adept TrFi)
 59002 | Vaults:1 | Found a runed translucent gate.
 59002 | Vaults:1 | Found a runed translucent gate.
 59003 | Vaults:1 | Identified the ring "Pyraner" {rF+ AC+4 Str+3 Int+6}
 59255 | Vaults:1 | Reached skill level 10 in Translocations
 60504 | Vaults:2 | Reached skill level 16 in Armour
 61043 | Vaults:2 | Found Kyxki's Book Boutique.
 61203 | Vaults:2 | Found a staircase to the Crypt.
 61313 | Vaults:2 | Reached XP level 24. HP: 202/212 MP: 30/30
 61522 | Vaults:2 | Found a runed translucent gate.
 61522 | Vaults:2 | Found a runed translucent gate.
 61525 | Vaults:2 | Found a runed translucent gate.
 61525 | Vaults:2 | Noticed greenreed's ghost (adept SpCj)
 61663 | Vaults:2 | Killed greenreed's ghost
 61683 | Vaults:2 | Identified the ring of Disaster {+Blink rPois rF+ rN++
                  | Will+}
 62216 | Vaults:3 | Reached skill level 17 in Armour
 62910 | Vaults:3 | Found the +18 shield of the Gong {Loud rN+ Will+ rCorr
                  | EV-5}
 63029 | Vaults:3 | Found Hoax's Book Shop.
 64051 | Vaults:4 | Reached skill level 18 in Armour
 64786 | Vaults:4 | Reached skill level 19 in Armour
 65785 | Crypt:1  | Entered Level 1 of the Crypt
 65831 | Crypt:1  | Reached XP level 25. HP: 180/215 MP: 30/30
 65944 | Vaults:2 | Reached skill level 20 in Armour
 66628 | Crypt:1  | Reached skill level 21 in Armour
 66881 | Crypt:1  | Noticed Jory
 66910 | Crypt:1  | Killed Jory
 67384 | Vaults:5 | Entered Level 5 of the Vaults
 67413 | Vaults:5 | Reached skill level 22 in Armour
 67754 | Vaults:4 | Reached skill level 23 in Armour
 68882 | Vaults:5 | Identified the +7 dagger "Eler" {heavy, rPois Str+3 Int+3
                  | SInv}
 68906 | Vaults:5 | Identified the ring "Cicew" {rF+ MP+9}
 68912 | Vaults:5 | Reached skill level 24 in Armour
 68921 | Vaults:5 | Identified the +7 flail of Tihog {vamp, rElec rPois rF+
                  | Dex+3}
 68992 | Vaults:5 | Identified the +2 robe "Sairyrch" {rC+ Will+}
 69077 | Vaults:5 | Identified the ring of Cynicism {Drain rN+ Str+6 Dex+6
                  | Slay+2}
 69396 | Vaults:5 | Identified the +5 shortbow of Disharmony {freeze, Int+2}
 69451 | Vaults:5 | Identified the +4 morningstar of Zarch {holy, Fragile Str+6
                  | Int+7}
 69452 | Vaults:5 | Identified the staff of poison "Cedd" {rPois rF+ Str+2}
 69456 | Vaults:5 | Identified the +5 chain mail of the Living Sparrow {Str+4
                  | Dex+4}
 69480 | Vaults:5 | Identified the staff of cold "Ovualat" {rC+ Str+4}
 69605 | Vaults:5 | Got a silver rune of Zot
 69606 | Vaults:5 | Identified the staff of fire "Hitiy" {rPois rF+ rC- Will+
                  | Str+4}
 69831 | Vaults:5 | Found Zafyts's Jewellery Shoppe.
 69834 | Vaults:5 | Found Vadusiaf's Magic Scroll Boutique.
 69843 | Vaults:5 | Bought a scroll of teleportation for 42 gold pieces
 69843 | Vaults:5 | Bought a scroll of teleportation for 42 gold pieces
 69843 | Vaults:5 | Bought a scroll of fear for 56 gold pieces
 70417 | Slime:1  | Entered Level 1 of the Pits of Slime
 70619 | Slime:2  | Reached skill level 25 in Armour
 70967 | Zot:1    | Entered Level 1 of the Realm of Zot
 71073 | Zot:1    | Reached XP level 26. HP: 219/220 MP: 30/30
 72708 | Zot:1    | Reached skill level 26 in Armour
 73258 | Zot:2    | Reached skill level 27 in Armour
 76914 | Zot:5    | Entered Level 5 of the Realm of Zot
 77933 | Zot:5    | Noticed an ancient lich
 77984 | Zot:5    | Killed an ancient lich
 78068 | Zot:5    | Noticed an orb of fire
 78073 | Zot:5    | Gained mutation: Armour fits poorly on your strangely
                  | shaped body. [an orb of fire]
 78076 | Zot:5    | Lost mutation: You are mostly covered in iridescent scales.
                  | (AC +4) [potion of mutation]
 78076 | Zot:5    | Lost mutation: Armour fits poorly on your strangely shaped
                  | body. [potion of mutation]
 78076 | Zot:5    | Lost mutation: You are partially covered in iridescent
                  | scales. (AC +2) [potion of mutation]
 78076 | Zot:5    | Gained mutation: You occasionally lose the ability to drink
                  | potions when taking damage. [potion of mutation]
 78076 | Zot:5    | Gained mutation: You have a pair of small antennae on your
                  | head. [potion of mutation]
 78076 | Zot:5    | Gained mutation: You have sharp toenails. [potion of
                  | mutation]
 78077 | Zot:5    | Lost mutation: You have sharp toenails. [potion of
                  | mutation]
 78077 | Zot:5    | Lost mutation: You have a pair of small antennae on your
                  | head. [potion of mutation]
 78077 | Zot:5    | Gained mutation: Your body sometimes deteriorates upon
                  | taking damage. [potion of mutation]
 78077 | Zot:5    | Gained mutation: You are dopey. (Int -2) [potion of
                  | mutation]
 78077 | Zot:5    | Gained mutation: You are robust. (+10% HP) [potion of
                  | mutation]
 78078 | Zot:5    | Lost mutation: Your body sometimes deteriorates upon taking
                  | damage. [potion of mutation]
 78078 | Zot:5    | Lost mutation: You occasionally lose the ability to drink
                  | potions when taking damage. [potion of mutation]
 78078 | Zot:5    | Lost mutation: You are dopey. (Int -2) [potion of mutation]
 78078 | Zot:5    | Gained mutation: You are partially covered in iridescent
                  | scales. (AC +2) [potion of mutation]
 78078 | Zot:5    | Lost mutation: You are robust. (+10% HP) [potion of
                  | mutation]
 78078 | Zot:5    | Gained mutation: Your spells are a little easier to cast,
                  | but a little less powerful. [potion of mutation]
 78078 | Zot:5    | Gained mutation: You are mostly covered in iridescent
                  | scales. (AC +4) [potion of mutation]
 78081 | Zot:5    | Gained mutation: You have sharp toenails. [an orb of fire]
 78105 | Zot:5    | Gained mutation: You sometimes lose your temper in combat.
                  | [an orb of fire]
 78108 | Zot:5    | Killed an orb of fire
 78247 | Zot:5    | Lost mutation: Your spells are a little easier to cast, but
                  | a little less powerful. [potion of mutation]
 78247 | Zot:5    | Lost mutation: You sometimes lose your temper in combat.
                  | [potion of mutation]
 78247 | Zot:5    | Lost mutation: You have sharp toenails. [potion of
                  | mutation]
 78247 | Zot:5    | Gained mutation: You have a pair of small horns on your
                  | head. [potion of mutation]
 78247 | Zot:5    | Lost mutation: You have a pair of small horns on your head.
                  | [potion of mutation]
 78247 | Zot:5    | Gained mutation: You have hidden genetic potential. [potion
                  | of mutation]
 78250 | Zot:5    | Noticed a Killer Klown
 78262 | Zot:5    | Killed a Killer Klown
 78263 | Zot:5    | Reached XP level 27. HP: 242/242 MP: 30/30
 78274 | Zot:5    | Noticed an orb of fire
 78281 | Zot:5    | Gained mutation: Armour fits poorly on your strangely
                  | shaped body. [an orb of fire]
 78283 | Zot:5    | Gained mutation: You occasionally lose the ability to read
                  | scrolls when taking damage. [an orb of fire]
 78294 | Zot:5    | Killed an orb of fire
 78295 | Zot:5    | Lost mutation: You are mostly covered in iridescent scales.
                  | (AC +4) [potion of mutation]
 78295 | Zot:5    | Lost mutation: You are partially covered in iridescent
                  | scales. (AC +2) [potion of mutation]
 78295 | Zot:5    | Gained mutation: You are vulnerable to heat. (rF-) [potion
                  | of mutation]
 78295 | Zot:5    | Gained mutation: You are partially covered in large bone
                  | plates. (SH +4) [potion of mutation]
 78295 | Zot:5    | Gained mutation: Your mind is acute. (Int +4, Str/Dex -1)
                  | [potion of mutation]
 78295 | Zot:5    | Gained mutation: You have a pair of small horns on your
                  | head. [potion of mutation]
 78296 | Zot:5    | Lost mutation: You are vulnerable to heat. (rF-) [potion of
                  | mutation]
 78296 | Zot:5    | Lost mutation: You are partially covered in large bone
                  | plates. (SH +4) [potion of mutation]
 78296 | Zot:5    | Gained mutation: You frequently scream uncontrollably at
                  | your foes. [potion of mutation]
 78296 | Zot:5    | Gained mutation: You are vulnerable to cold. (rC-) [potion
                  | of mutation]
 78296 | Zot:5    | Gained mutation: You expend magic power (3 MP) to
                  | strengthen your wands. [potion of mutation]
 78296 | Zot:5    | Gained mutation: You are partially covered in iridescent
                  | scales. (AC +2) [potion of mutation]
 78297 | Zot:5    | Lost mutation: You have a pair of small horns on your head.
                  | [potion of mutation]
 78297 | Zot:5    | Lost mutation: Armour fits poorly on your strangely shaped
                  | body. [potion of mutation]
 78297 | Zot:5    | Lost mutation: You are partially covered in iridescent
                  | scales. (AC +2) [potion of mutation]
 78297 | Zot:5    | Gained mutation: Your body sometimes deteriorates upon
                  | taking damage. [potion of mutation]
 78297 | Zot:5    | Gained mutation: You have a beak for a mouth. [potion of
                  | mutation]
 78298 | Zot:5    | Lost mutation: You have hidden genetic potential. [potion
                  | of mutation]
 78298 | Zot:5    | Lost mutation: You have a beak for a mouth. [potion of
                  | mutation]
 78298 | Zot:5    | Gained mutation: You have hidden genetic potential. [potion
                  | of mutation]
 78298 | Zot:5    | Gained mutation: You are agile. (Dex +4, Str/Int -1)
                  | [potion of mutation]
 78299 | Zot:5    | Lost mutation: You are vulnerable to cold. (rC-) [potion of
                  | mutation]
 78299 | Zot:5    | Lost mutation: Your mind is acute. (Int +4, Str/Dex -1)
                  | [potion of mutation]
 78299 | Zot:5    | Gained mutation: Your flesh is heat resistant. (rF+)
                  | [potion of mutation]
 78299 | Zot:5    | Lost mutation: You have hidden genetic potential. [potion
                  | of mutation]
 78299 | Zot:5    | Gained mutation: You are very agile. (Dex +8, Str/Int -2)
                  | [potion of mutation]
 78353 | Zot:5    | Noticed a dread lich
 78389 | Zot:5    | Noticed an orb of fire
 78406 | Zot:5    | Gained mutation: Your body often deteriorates upon taking
                  | damage. [an orb of fire]
 78461 | Zot:4    | Lost mutation: Your flesh is heat resistant. (rF+) [potion
                  | of mutation]
 78461 | Zot:4    | Lost mutation: Your body often deteriorates upon taking
                  | damage. [potion of mutation]
 78461 | Zot:4    | Lost mutation: You expend magic power (3 MP) to strengthen
                  | your wands. [potion of mutation]
 78461 | Zot:4    | Gained mutation: You occasionally lose the ability to drink
                  | potions when taking damage. [potion of mutation]
 78461 | Zot:4    | Gained mutation: Your spells are a little harder to cast,
                  | but a little more powerful. [potion of mutation]
 78461 | Zot:4    | Gained mutation: You are robust. (+10% HP) [potion of
                  | mutation]
 78462 | Zot:4    | Lost mutation: You are robust. (+10% HP) [potion of
                  | mutation]
 78462 | Zot:4    | Lost mutation: You frequently scream uncontrollably at your
                  | foes. [potion of mutation]
 78462 | Zot:4    | Lost mutation: Your spells are a little harder to cast, but
                  | a little more powerful. [potion of mutation]
 78463 | Zot:4    | Lost mutation: Your body sometimes deteriorates upon taking
                  | damage. [potion of mutation]
 78463 | Zot:4    | Lost mutation: You are very agile. (Dex +8, Str/Int -2)
                  | [potion of mutation]
 78463 | Zot:4    | Lost mutation: You occasionally lose the ability to drink
                  | potions when taking damage. [potion of mutation]
 78463 | Zot:4    | Gained mutation: You are very agile. (Dex +8, Str/Int -2)
                  | [potion of mutation]
 78475 | Zot:5    | Gained mutation: You are frail. (-10% HP) [an orb of fire]
 78477 | Zot:5    | Gained mutation: You frequently scream uncontrollably at
                  | your foes. [an orb of fire]
 78478 | Zot:5    | Killed an orb of fire
 78493 | Zot:5    | Killed a dread lich
 78525 | Zot:5    | Noticed a dread lich
 78550 | Zot:5    | Killed a dread lich
 78554 | Zot:5    | Reached skill level 15 in Dodging
 78704 | Zot:5    | Noticed an orb of fire
 78709 | Zot:5    | Gained mutation: You are vulnerable to heat. (rF-) [an orb
                  | of fire]
 78729 | Zot:5    | Gained mutation: You sometimes lose the ability to read
                  | scrolls when taking damage. [an orb of fire]
 78731 | Zot:4    | Killed an orb of fire
 79032 | Zot:4    | Lost mutation: You are very agile. (Dex +8, Str/Int -2)
                  | [potion of mutation]
 79032 | Zot:4    | Lost mutation: You frequently scream uncontrollably at your
                  | foes. [potion of mutation]
 79032 | Zot:4    | Lost mutation: You are agile. (Dex +4, Str/Int -1) [potion
                  | of mutation]
 79032 | Zot:4    | Gained mutation: You are clumsy. (Dex -2) [potion of
                  | mutation]
 79033 | Zot:4    | Lost mutation: You are vulnerable to heat. (rF-) [potion of
                  | mutation]
 79033 | Zot:4    | Lost mutation: You are clumsy. (Dex -2) [potion of
                  | mutation]
 79033 | Zot:4    | Lost mutation: You sometimes lose the ability to read
                  | scrolls when taking damage. [potion of mutation]
 79033 | Zot:4    | Gained mutation: You possess an exceptional clarity of
                  | mind. [potion of mutation]
 80764 | Zot:5    | Got the Orb of Zot
 80904 | Zot:4    | Noticed Zosodocioc the pandemonium lord
 81415 | D:5      | Noticed Qevoygom the pandemonium lord
 81447 | D:4      | Killed Duvessa
 81518 | D:1      | Noticed Ariuzid the pandemonium lord
 81523 | D:$      | Escaped with the Orb!

Illustrated notes

Levels and vault maps discovered:
D:1:      dpeg_arrival_boxorama, layout_basic
D:2:      layout_basic, minmay_pentomino_z4, uniq_sigmund
D:3:      layout_loops_ring, nicolae_dithmenos_the_darkroom,
          cheibrodos_sewer_entry_drain, serial_shops, nicolae_square_shop,
          chequers_ecumenical_altar_island, serial_bayou_pond_c, uniq_robin
D:4:      layout_loops_ring, nemelex_spade_bored_becter,
          kennysheep_generic_room_15, uniq_edmund, uniq_duvessa, uniq_grinder
D:5:      lemuel_ratsnest, layout_basic, mainiacjoe_overflow_boulevard,
          nicolae_ru_awakened_eye, ebering_ghost_sewer_f,
          minmay_misc_feat_enclosed, minmay_fractal_squares_diagonal_5
D:6:      layout_rooms, grunt_ministairs_14, uniq_blork_the_orc
D:7:      layout_cave_pods, mainiacjoe_overflow_alcove_1,
          general_overflow_altar, minmay_temple_entry_statues,
          nicolae_ossuary_entry_catacombs, uniq_joseph
D:8:      layout_basic, nicolae_hepliaklqana_hippocampus
D:9:      kennysheep_six_static_rooms, layout_basic, ashenzari_altar_1,
          serial_rivers, chequers_serial_rivers_small_3,
          chequers_serial_rivers_micro_d, chequers_serial_rivers_micro_a,
          chequers_serial_rivers_small_b, chequers_serial_rivers_micro_d,
          minivault_1
D:10:     layout_long_grid, nicolae_overflow_hidden_temple,
          due_lair_maze_entry_diamond, uniq_erolcha, uniq_snorg
D:11:     layout_irregular_city
D:12:     layout_basic, enter_trove_0, gammafunk_ghost_spectres
D:13:     layout_small_grid, david_vaults_2, minmay_shop_mayhem, uniq_sonja
D:14:     layout_loops_ring, nicolae_cairo_tiling_very_big
D:15:     grunt_enter_depths_magical_seal, layout_loops_ring, xom_teletrap_fun
Lair:1:   gammafunk_cloud_chamber, layout_big_grid, pond, uniq_maggie
Lair:2:   layout_hall_layers, minmay_shoals_entry_beasts,
          hellmonk_spider_entry_life_and_decay, st_stairs_12
Lair:3:   layout_regular_city, uniq_urug
Lair:4:   layout_gridlike, infiniplex_staircase_pool_2, lemuel_fruit_tree
Lair:5:   hangedman_lair_caniforms_friends, layout_hall_layers,
          hangedman_lair_tendril_chambers, slime_entry_1
Shoals:1: layout_shoals, serial_shops, nicolae_shop_hallway_plus,
          nicolae_shop_gadgets, uniq_louise
Shoals:2: nicolae_shoals_mermall, layout_shoals, nicolae_shoals_dead_sea_scrolls
Shoals:3: layout_shoals, gammafunk_ghost_cemetery, uniq_ilsuiw
Shoals:4: shoals_end_hellmonk_storm_palace [storm_palace_center_square,
          storm_palace_corner_altar, storm_palace_corner_blocked,
          storm_palace_corner_narrow, storm_palace_corner_narrow]
Spider:1: layout_spider_delve, nicolae_spider_paper_wasps, uniq_nikola,
          uniq_kirke, uniq_frances
Spider:2: layout_cave_pods, uniq_mlioglotl, uniq_donald
Spider:3: layout_spider_delve, uniq_jorgrun
Spider:4: grunt_spider_rune_circles, nicolae_spider_undead_wolf_pack
Slime:1:  layout_caves
Slime:2:  layout_caves
Slime:3:  layout_caves, special_room [special_room_jelly]
Orc:1:    layout_caves
Orc:2:    st_orc_ogre_mass, layout_caves, portal_ice_cave_entry_ice_simulacra,
          nicolae_orc_rich_vein
Elf:1:    elf_arrival_002, layout_geoelf_octagon, serial_shops, shop,
          minmay_elf_demonology
Elf:2:    nicolae_elf_blades_crystal_corner, layout_rooms,
          nicolae_wooded_promenade
Elf:3:    grunt_elf_hall_asides, layout_loops_corners, serial_shops,
          shop_fountains, uniq_asterion
Vaults:1: gammafunk_ghost_split, vaults_room_corners, dpeg_vaults_monster_row,
          nicolae_vaults_mini_display_case, nicolae_vaults_yaktaur_gun_rack,
          vaults_room_pool, ontoclasm_vaults_decontamination,
          layout_vaults_omnigrid, uniq_saint_roka, uniq_zenata
Vaults:2: gammafunk_ghost_ooze, minmay_crypt_entry_skeletal_spiral,
          vaults_room_hallway, vaults_room_corners, v_misc_23,
          ontoclasm_vaults_ligature, nicolae_vaults_network_quinsquares
          [nicolae_vaults_network_quincunx_subvault,
          nicolae_vaults_network_quincunx_subvault,
          nicolae_vaults_network_quincunx_subvault,
          nicolae_vaults_network_quincunx_subvault], grunt_vaults_hallway_short,
          nicolae_vaults_little_squares_4, vaults_dpeg_hooks,
          vaults_room_stairs_pillars, v_misc_12, nicolae_vaults_specimen_jars,
          v_misc_30, layout_vaults_maze_snakey, serial_shops, shop
Vaults:3: nicolae_vaults_twisting_passages, v_misc_33, hangedman_vaults_maws,
          hangedman_vaults_stagger, hellmonk_guarded_unrand_gong,
          hangedman_vaults_nails, ontoclasm_vaults_fault, v_alt_pattern_4,
          layout_vaults_chaotic_city, serial_shops, shop
Vaults:4: grunt_vaults_diagonal, nicolae_vaults_little_squares_1,
          vaults_standard_mumra_enter_the_diamond, hangedman_vaults_pinch,
          nicolae_vaults_network_barrier, ontoclasm_vaults_hangar, v_pattern_5,
          grunt_vaults_twisty, v_misc_14, v_misc_1, v_misc_8,
          grunt_vaults_focal, nicolae_vaults_ring_of_whatevers,
          vaults_room_semicircle, layout_vaults_ring
Vaults:5
Crypt:1:  layout_regular_city, st_stairs_4, roderic_lattice_octagonal_star,
          grunt_megastairs_2, uniq_jory, uniq_margery
Depths:1: grunt_deathspiral_large, layout_basic, chequers_serial_rivers_small_b,
          hangedman_coc_ice_floe, kennysheep_nondescript, drop_trap,
          pdpol_wu_jian_five_deadly_venoms
Depths:2: kennysheep_room_grid, layout_gridlike, enter_ziggurat_c, pan_entry,
          hellmouth_2, nicolae_qazlal_general_emergency, uniq_vv, uniq_mara,
          uniq_grunn
Depths:3: minmay_connected_triangles_in_corner, layout_cave_shapes,
          abyss_entry_crystal, nicolae_gozag_cash_rules_everything_around_me,
          hell_entry, nicolae_alphabet_shops, minmay_misc_feat_alley,
          hangedman_cracks_in_the_wall
Depths:4: evilmike_zot_entry_gauntlet, layout_cross, grunt_decor_junction,
          hell_entry, abyss_entry, minmay_shop_grove
Zot:1:    layout_basic
Zot:2:    hangedman_snap_crack_crunch, layout_cathedral_of_symmetry
Zot:3:    layout_gridlike, ebering_ghost_disaster_area, st_stairs_3,
          zot_minivault_1, lemuel_elevator
Zot:4:    kennysheep_blocky_hall, layout_onion_interference
Zot:5:    layout_basic

Skill      XL: |  1  2  3  4  5  6  7  8  9 10 11 12 13 14 15 16 17 18 19 20 21 22 23 24 25 26 27 |
---------------+----------------------------------------------------------------------------------+-----
Armour         | 1 2 3 4 6 7 9 10 12 13 14 15 16 19 25 27 | 27.0
Fighting       | 3 4 5 7 8 9 11 12 13 15 17 19 20 21 22 23 24 25 | 25.8
Axes           | 4 5 6 7 9 11 12 14 16 | 16.7
Shields        | 2 5 7 9 10 12 14 16 17 18 19 20 21 22 | 22.5
Polearms       | 6 10 | 10.3
Dodging        | 3 7 8 9 10 11 13 14 16 | 16.0
Transmutations | 9 10 13 15 | 15.0
Conjurations   | 10 13 15 | 15.0
Spellcasting   | 5 |  5.0
Translocations | 10 | 10.0

Action                     |  1- 3 |  4- 6 |  7- 9 | 10-12 | 13-15 | 16-18 | 19-21 | 22-24 | 25-27 || total
---------------------------+-------+-------+-------+-------+-------+-------+-------+-------+-------++-------
  Melee: Hand axe          |   114 |   145 |       |       |       |       |       |       |       ||   259
         War axe           |       |    99 |    38 |       |       |       |   111 |       |       ||   248
         Punch             |       |     1 |     6 |     3 |       |       |       |       |       ||    10
         Whip              |       |       |   551 |   184 |       |       |       |       |       ||   735
         Flail             |       |       |       |   978 |    31 |       |       |       |       ||  1009
         Demon trident     |       |       |       |       |  1073 |  1623 |  1529 |   542 |   997 ||  5764
         Broad axe         |       |       |       |       |       |       |    10 |   780 |  1184 ||  1974
         Unarmed           |       |       |       |       |       |       |       |       |     9 ||     9
   Fire: Sling             |       |       |     1 |       |       |       |       |       |       ||     1
  Throw: Dart              |       |     3 |    16 |    30 |     7 |     1 |       |       |       ||    57
         Javelin           |       |       |     3 |       |       |       |       |       |       ||     3
   Cast: Wereblood         |       |       |       |       |       |       |     2 |       |       ||     2
         Irradiate         |       |       |       |       |       |       |     5 |     1 |     1 ||     7
 Invoke: Sacrifice Artific |       |       |     1 |       |       |       |       |       |       ||     1
         Sacrifice Resista |       |       |       |     1 |       |       |       |       |       ||     1
         Apocalypse        |       |       |       |     5 |     5 |     9 |    10 |     4 |     3 ||    36
         Power Leap        |       |       |       |     1 |       |     1 |       |       |       ||     2
         Sacrifice Love    |       |       |       |     1 |       |       |       |       |       ||     1
         Reject Sacrifices |       |       |       |     1 |       |       |       |       |       ||     1
         Sacrifice Arcana  |       |       |       |       |     1 |       |       |       |       ||     1
         Sacrifice Purity  |       |       |       |       |     1 |       |       |       |       ||     1
         Draw Out Power    |       |       |       |       |       |       |       |       |     1 ||     1
Ability: Hop               |       |       |     2 |    11 |     4 |     9 |       |       |     6 ||    32
    Use: Scroll            |       |       |    15 |     9 |    13 |     9 |     6 |    11 |    10 ||    73
         Potion            |       |       |     6 |     5 |     8 |     2 |     9 |     1 |    25 ||    56
   Stab: Invisible         |       |       |     1 |     9 |       |     9 |     3 |     7 |    15 ||    44
         Paralysed         |       |       |       |    10 |    26 |    10 |    16 |    17 |     5 ||    84
         Distracted        |       |       |       |     4 |     6 |     5 |    11 |     5 |    13 ||    44
         Sleeping          |       |       |       |       |       |     2 |     6 |     4 |       ||    12
         Confused          |       |       |       |       |       |       |     1 |       |       ||     1
         Petrified         |       |       |       |       |       |       |     5 |       |       ||     5
         Petrifying        |       |       |       |       |       |       |     1 |       |       ||     1
 Armour: Leather armour    |    20 |       |       |       |       |       |       |       |       ||    20
         Chain mail        |    16 |   177 |   331 |   258 |       |       |       |       |       ||   782
         Ring mail         |     4 |       |       |       |       |       |       |       |       ||     4
         Plate armour      |       |       |       |   321 |       |   260 |       |       |       ||   581
         Acid dragon scale |       |       |       |   159 |   378 |    34 |       |       |       ||   571
         Shadow dragon sca |       |       |       |       |       |    61 |   443 |   211 |       ||   715
         Gold dragon scale |       |       |       |       |       |       |       |   110 |   527 ||   637
  Dodge: Dodged            |    78 |   103 |   232 |   417 |   316 |   159 |   257 |   169 |   145 ||  1876
  Block: Tower shield      |       |       |       |    60 |   285 |   889 |  1329 |   780 |       ||  3343
         Buckler           |       |       |       |   161 |   131 |       |       |       |       ||   292
         Reflection        |       |       |       |       |       |    47 |    23 |    65 |    48 ||   183
         Kite shield       |       |       |       |       |       |       |       |   458 |  1971 ||  2429

Table legend: (Time is in decaauts)
 A = Elapsed time spent in this place.
 B = Non-inter-level travel time spent in this place.
 C = Inter-level travel time spent in this place.
 D = Time resting spent in this place.
 E = Time spent auto-exploring this place.
 F = Levels seen in this place.
 G = Mean time per level.
                   A        B        C        D        E       F      G
               +--------+--------+--------+--------+--------+-----+--------+
         Total |  86861 |  80542 |   6319 |  31417 |  27983 |  56 | 1551.1 |
       Dungeon |  21775 |  19277 |   2498 |   6156 |   8216 |  15 | 1451.7 |
          Lair |   9657 |   8784 |    873 |   3770 |   3073 |   5 | 1931.4 |
        Shoals |   8687 |   8374 |    313 |   4365 |   1751 |   4 | 2171.8 |
   Spider Nest |   4407 |   4226 |    181 |    882 |   2194 |   4 | 1101.8 |
    Slime Pits |    150 |    126 |     24 |     45 |      0 |   3 |   50.0 |
  Orcish Mines |   2472 |   2235 |    237 |    623 |   1027 |   2 | 1236.0 |
   Elven Halls |   5914 |   5519 |    395 |   2362 |   1726 |   3 | 1971.3 |
        Vaults |  11194 |  10196 |    998 |   3600 |   4328 |   5 | 2238.8 |
         Crypt |   1269 |   1222 |     47 |    297 |    685 |   1 | 1269.0 |
        Depths |   8754 |   8202 |    552 |   3684 |   2551 |   4 | 2188.5 |
           Zot |  10163 |   9967 |    196 |   4790 |   2101 |   5 | 2032.6 |
         Abyss |    513 |    513 |      0 |    188 |      0 |   2 |  256.5 |
         Trove |    157 |    157 |      0 |      0 |      0 |   1 |  157.0 |
         Sewer |   1186 |   1186 |      0 |    511 |    237 |   1 | 1186.0 |
       Ossuary |    554 |    554 |      0 |    141 |     89 |   1 |  554.0 |
               +--------+--------+--------+--------+--------+-----+--------+

Top non-repeatable levels by time:
Vaults:4: 3102 daAuts
  Lair:2: 2957 daAuts
Shoals:3: 2877 daAuts
   Zot:4: 2598 daAuts
     D:9: 2497 daAuts
Depths:3: 2453 daAuts
Shoals:2: 2442 daAuts
    D:10: 2441 daAuts
  Lair:5: 2425 daAuts
   Zot:2: 2327 daAuts
Shoals:4: 2326 daAuts
   Elf:2: 2307 daAuts
Depths:1: 2221 daAuts
Vaults:1: 2214 daAuts
Depths:4: 2163 daAuts
